 Dungeon Crawl Stone Soup version 0.28.0-47-ge53b351184 (webtiles) character file.

Game seed: 11585646544316462616

608 pkoi the Conjurer (level 6, -1/45 HPs)
             Began as a Demigod Conjurer on May 8, 2022.
             Slain by an adder (4 damage)
             ... on level 4 of the Dungeon.
             The game lasted 00:08:14 (7007 turns).

pkoi the Conjurer (Demigod Conjurer)                Turns: 7007, Time: 00:08:14

Health: -1/45      AC:  5    Str:  8    XL:     6   Next: 99%
Magic:  3/11       EV: 12    Int: 28    God:
Gold:   399        SH:  5    Dex: 12    Spells: 2/9 levels left

rFire   . . .      SeeInvis .   b - +0 dagger (venom)
rCold   . . .      Faith    .   (no shield)
rNeg    . . .      Spirit   .   a - +0 robe
rPois   .          Reflect  +   p - +1 helmet
rElec   .          Harm     .   (no cloak)
rCorr   .          Rampage  .   i - +0 pair of gloves
Will    .....                   (no boots)
Stlth   ++........              j - amulet of reflection
HPRegen 0.15/turn               (no ring)
MPRegen 0.12/turn               (no ring)

@: lethally poisoned (-1 -> -2), invisible
A: high MP 1, forlorn, divine attributes
a: no special abilities


You were on level 4 of the Dungeon.
You visited 1 branch of the dungeon, and saw 4 of its levels.
You also visited: Ossuary.

You collected 399 gold pieces.

Inventory:

Hand Weapons
 b - a +0 dagger of venom (weapon)
 e - a +2 short sword of speed
 n - a +0 dagger of electrocution
 o - a +1 whip of electrocution
Missiles
 h - 6 poisoned darts
Armour
 a - a +0 robe (worn)
 i - a +0 pair of gloves (worn)
 p - a +1 helmet (worn)
Magical Staves
 m - a staff of cold
Jewellery
 j - an amulet of reflection (around neck)
 l - a ring of see invisible
 v - an amulet of the acrobat
Wands
 d - a wand of digging (3)
Potions
 c - 2 potions of resistance {unknown}
 f - 3 potions of curing
 g - 2 potions of might
 k - a potion of heal wounds {unknown}
 q - a potion of invisibility
 r - 2 potions of mutation {unknown}
 s - a potion of brilliance
 t - 3 potions of attraction {unknown}
 u - a potion of flight


   Skills:
 - Level 1.7 Dodging
 - Level 1.7 Stealth
 - Level 2.0 Spellcasting
 * Level 7.2 Conjurations
 + Level 3.0 Translocations


You had 2 spell levels left.
You knew the following spells:

 Your Spells              Type           Power      Damage    Failure   Level
a - Magic Dart            Conj           100%       1d8       1%          1
b - Searing Ray           Conj           86%        2d7       1%          2
c - Iskenderun's Mystic   Conj/Tloc      31%        2d8       11%         4

Your spell library contained the following spells:

 Spells                   Type           Power      Damage    Failure   Level
 Dazzling Flash           Conj/Hex       46%        N/A       6%          3
 Stone Arrow              Conj/Erth      46%        3d9       6%          3
 Gell's Gravitas          Tloc           20%        N/A       8%          3
 Teleport Other           Tloc           20%        N/A       8%          3
 Fulminant Prism          Conj/Hex       11%        3d9       21%         4
 Animate Armour           Summ/Erth      4%         N/A       65%         4
 Agony                    Necr           2%         N/A       94%         5
 Silence                  Hex/Air        1%         N/A       94%         5
 Dispersal                Tloc           10%        N/A       98%         6
 Lehudib's Crystal Spear  Conj/Erth      11%        10d4      100%        8


Dungeon Overview and Level Annotations

Branches:
Dungeon (4/15)            Ossuary (visited)
 Temple: D:4-7

Annotations:
D:2 1 runed translucent door, Crazy Yiuf


Innate Abilities, Weirdness & Mutations

You have an increased reservoir of magic. (+10% MP)
You shall have no god before yourself.
Your divine heritage dramatically boosts your attributes as you level up.


Message History

The scorpion poisons you!
Your Translocations skill increases to level 3!
* * * LOW HITPOINT WARNING * * *
You feel very sick.
It was a potion of curing.
You feel better. The scorpion stings you.
* * * LOW HITPOINT WARNING * * *
The scorpion stings you but does no damage.
The scorpion closely misses you.
An adder comes into view.
The scorpion stings you!
* * * LOW HITPOINT WARNING * * *
The adder hisses angrily.
Casting: Searing Ray (safe; 1% risk of failure)
Confirm with . or Enter, or press ? or * to list all spells.
Okay, then.
You aren't carrying any scrolls.
You fade into invisibility!
You block the scorpion's attack.
You hit the scorpion but do no damage.
The scorpion is heavily wounded.
The scorpion stings you but does no damage.
You hit the scorpion.
The scorpion is severely wounded.
The scorpion barely misses you.
Your +0 dagger of venom begins to drip with poison!
b - a +0 dagger of venom (weapon)
The scorpion closely misses you.
You strike the helpless scorpion from behind!
You hit the scorpion.
The scorpion is almost dead.
The adder bites you but does no damage. You block the adder's attack.
You miss the adder. The adder bites you.
* * * LOW HITPOINT WARNING * * *
You are poisoned.
The adder poisons you!
You miss the adder.
You feel sick.
You feel sick. You block the adder's attack.
You completely miss the adder.
You feel sick. You block the adder's attack.
You barely miss the adder.
You feel sick. The adder bites you.
You die...

#.##.#######.# #.#..# #.(...
#..........z.# ##.#..####..###
###.#.K...### #.....#.>......
#.###.#######.##.......###
#.#..........###......?...
#.#.#.######.# #.....")...
#.....# #.###s#.....##.
###.########..............
#†.....S@......#.#.....##
#########..############.######.#
#..........# ### .# ..#######.##
# #.# #.# #.# #.# #.# .. ..# #.#
#.# ### #)# #.#


You could see a scorpion (wandering) and an adder.

Vanquished Creatures
  Sigmund (D:4)
  A phantom (D:4)
  A wight (D:4)
  A jelly (D:3)
  Jessica (D:2)
  8 mummies (Ossuary)
  Robin (D:3)
  5 adders
  An adder skeleton (D:4)
  4 dart slugs (D:2)
  3 orcs (D:3)
  6 ball pythons
  5 endoplasms
  4 giant cockroaches
  A gnoll zombie (Ossuary)
  14 hobgoblins
  2 quokkas
  3 bats
  5 frilled lizards
  17 goblins
  11 kobolds
  6 kobold zombies (Ossuary)
  An orc zombie (Ossuary)
  12 rats
114 creatures vanquished.

Notes
Turn   | Place    | Note
-------+----------+-------------------------------------------
     0 | D:1      | pkoi the Demigod Conjurer began the quest for the Orb.
     0 | D:1      | Reached XP level 1. HP: 14/14 MP: 5/5
   534 | D:1      | Reached skill level 4 in Conjurations
   553 | D:1      | Reached XP level 2. HP: 20/20 MP: 5/7
  1602 | D:1      | Reached XP level 3. HP: 26/26 MP: 4/8
  2190 | D:2      | Noticed Jessica
  2521 | D:2      | Killed Jessica
  2522 | D:2      | Reached skill level 5 in Conjurations
  2776 | D:2      | Reached XP level 4. HP: 33/33 MP: 4/9
  3228 | D:2      | Learned a level 2 spell: Searing Ray
  3233 | D:2      | Learned a level 4 spell: Iskenderun's Mystic Blast
  3251 | D:2      | You fall into a shaft and drop 1 floor!
  4607 | D:2      | Found a runed translucent door.
  4608 | D:2      | Noticed Crazy Yiuf
  4675 | D:3      | Noticed Robin
  4708 | D:3      | Killed Robin
  4709 | D:3      | Reached skill level 1 in Translocations
  5320 | D:3      | Reached XP level 5. HP: 38/38 MP: 7/10
  5758 | D:4      | Noticed Sigmund
  5767 | D:4      | Killed Sigmund
  5768 | D:4      | Reached skill level 6 in Conjurations
  5768 | D:4      | Reached XP level 6. HP: 38/45 MP: 0/11
  6008 | D:4      | Found a sand-covered staircase.
  6017 | Ossuary  | Entered an ossuary
  6966 | D:4      | Reached skill level 7 in Conjurations
  7007 | D:4      | Slain by an adder

Illustrated notes

Levels and vault maps discovered:
D:1:      elethiomel_arrival_diamonds, layout_loops_ring,
          hellmonk_ecumenical_altar_leap_of_faith,
          nicolae_concentric_dashed_squares_wild
D:2:      layout_loops_cross, st_stairs_6, mrwooster_statue_mirror,
          uniq_crazy_yiuf_cottage, uniq_jessica
D:3:      layout_loops_cross, uniq_robin
D:4:      layout_loops_ring, mainiacjoe_overflow_catwalk, enter_ossuary_1,
          grunt_ministairs_11, uniq_sigmund

Skill      XL: |  1  2  3  4  5  6 |
---------------+-------------------+-----
Spellcasting   | 2 |  2.0
Conjurations   | 4 5 6 7 |  7.2
Translocations | 1 2 3 |  3.0
Dodging        | |  1.7
Stealth        | |  1.7

Action                   |  1- 3 |  4- 6 || total
-------------------------+-------+-------++-------
Melee: Short sword       |       |    47 ||    47
       Dagger            |       |     8 ||     8
       Punch             |       |     2 ||     2
 Cast: Magic Dart        |    95 |   123 ||   218
       Searing Ray       |       |     7 ||     7
  Use: Scroll            |     3 |     9 ||    12
       Potion            |       |     2 ||     2
 Stab: Invisible         |       |     1 ||     1
Armor: Robe              |     2 |    13 ||    15
Dodge: Dodged            |     5 |    31 ||    36
Block: Other             |       |    17 ||    17
       Reflection        |       |     1 ||     1
